AoeStats
← Kant be real

Black Forest

510389219Analyzed
4v4 RM · 2d ago on Sep 30, 2026· 37m 29s· 8 players
Game mode
Random Map
Map size
Large (8 player)
Population
200
Speed
Normal
Resources
Standard
Victory
Conquest
Starting age
Dark Age
Ending age
Imperial Age
RankedLock teamsTeams togetherTeam positionsShared explorationLock speedFull tech treeHidden civsTurbo modeCheats
Victory
Defeat
🇹🇼 Burgundians · Taiwan
1641
+14
🇨🇳 Lithuanians · China
1548
+20
🇵🇪 Mongols · Peru
1489
+19
1489
+20
🇺🇾 Hindustanis · Uruguay
1592
-18
🇨🇴 Spanish · Colombia
1592
-18
🇦🇷 Dravidians · Argentina
1580
-18
🇩🇪 Khmer · Germany
1559
-17
|FMG| twitch/JabsUY
0:37 Loom
10:47 Feudal Age
15:38 Castle Age
22:18 Horse Collar
22:31 Double-Bit Axe
24:34 Stone Mining
24:35 Gold Mining
26:52 Fortified Wall
The .Gocho
10:12 Feudal Age
11:15 Loom
14:27 Castle Age
13:14 Double-Bit Axe
26:23 Husbandry
26:57 Padded Archer Armor
31:30 Leather Archer Armor
31:25 Forging
36:48 Wheelbarrow
35:59 Town Watch
36:48 Fletching
tschipe2_0
11:14 Feudal Age
11:40 Double-Bit Axe
15:06 Castle Age
13:26 Horse Collar
20:00 Loom
22:24 Bow Saw
22:08 Gold Mining
23:33 Wheelbarrow
23:31 Heavy Plow
29:32 Imperial Age
27:46 Gold Shaft Mining
27:04 Stone Mining
27:56 Hand Cart
27:28 Town Watch
29:30 Scale Barding Armor
29:36 Forging
29:58 Bloodlines
29:49 Husbandry
31:12 Chain Barding Armor
31:21 Conscription
32:26 Iron Casting
33:35 Crop Rotation
34:25 Plate Barding Armor
34:51 Tusk Swords
35:11 Elite Battle Elephant
37:59 Blast Furnace
Kant be real
8:20 Loom
12:26 Feudal Age
13:38 Double-Bit Axe
16:14 Castle Age
13:55 Horse Collar
17:10 Bow Saw
18:21 Heavy Plow
19:08 Wheelbarrow
29:42 Imperial Age
27:06 Fletching
27:16 Padded Archer Armor
27:32 Gold Mining
27:34 Stone Mining
29:14 Ballistics
29:20 Bodkin Arrow
29:34 Thumb Ring
29:52 Elite Elephant Archer
30:33 Bracer
33:09 Chemistry
34:25 Leather Archer Armor
GAX | This Game Isnt Fun
11:02 Feudal Age
12:22 Double-Bit Axe
14:44 Castle Age
12:55 Horse Collar
15:53 Bow Saw
17:12 Loom
24:12 Wheelbarrow
23:25 Town Watch
27:16 Imperial Age
26:34 Bloodlines
26:24 Husbandry
26:36 Scale Barding Armor
27:42 Chain Barding Armor
27:33 Heavy Camel Rider
28:48 Stone Mining
29:35 Heavy Plow
30:14 Stone Shaft Mining
29:32 Gold Mining
30:30 Plate Barding Armor
30:06 Forging
31:14 Hand Cart
33:02 Pikeman
33:28 Gambesons
33:43 Squires
33:49 Scale Mail Armor
34:20 Elite War Elephant
35:23 Caravan
36:23 Iron Casting
36:04 Chain Mail Armor
35:15 Halberdier
36:31 Conscription
38:08 Blast Furnace
ELBO | Dseko
0:44 Loom
11:22 Feudal Age
12:23 Double-Bit Axe
15:01 Forging
14:57 Scale Barding Armor
25:31 Castle Age
28:53 Bow Saw
jueaadjx
7:46 Loom
10:12 Feudal Age
8:58 Double-Bit Axe
11:34 Bow Saw
11:11 Horse Collar
14:00 Wheelbarrow
19:52 Heavy Plow
28:26 Gold Mining
30:19 Gold Shaft Mining
33:55 Castle Age
抖音KK
1:06 Loom
10:22 Feudal Age
11:04 Double-Bit Axe
14:08 Castle Age
12:32 Horse Collar
15:11 Bow Saw
18:18 Wheelbarrow
19:10 Heavy Plow
19:22 Gold Mining
20:45 Hand Cart
21:18 Stone Mining
24:48 Imperial Age
22:46 Treadmill Crane
24:14 Stone Shaft Mining
24:04 Scale Barding Armor
24:10 Forging
25:09 Chain Barding Armor
25:34 Bloodlines
25:24 Husbandry
25:54 Conscription
27:16 Plate Barding Armor
28:13 Masonry
29:33 Iron Casting
30:03 Fletching
31:05 Bodkin Arrow
31:11 Elite Leitis
32:22 Town Watch
33:40 Architecture
35:32 Guilds
35:23 Caravan
Connection lost

Rejoining the realm…

Still unreachable

The connection could not be restored.

Session expired

The server has moved on; the page needs a fresh start.